 Dungeon Crawl Stone Soup version 0.18-a0-1572-g0a86841 (webtiles) character file.

32 Duffy the Insei (level 3, -2/31 HPs)
             Began as a Naga Transmuter on Mar 15, 2016.
             Slain by an adder (3 damage)
             ... on level 1 of the Dungeon.
             The game lasted 00:01:23 (1360 turns).

Duffy the Insei (Naga Transmuter)                   Turns: 1360, Time: 00:01:23

Health: -2/31      AC:  2    Str: 12    XL:     3   Next: 27%
Magic:  6/6        EV: 10    Int: 13    God:
Gold:   71         SH:  0    Dex: 12    Spells: 3 memorised, 0 levels left

rFire  . . .     SeeInvis +       - Unarmed
rCold  . . .     Gourm    .     b - +0 robe
rNeg   . . .     Faith    .     (no shield)
rPois  +         Spirit   .     (no helmet)
rElec  .         Dismiss  .     (no cloak)
rCorr  .         Reflect  .     (no gloves)
SustAt .         Harm     .     (no barding)
MR     .....                    (no amulet)
Stlth  ..........               (no ring)
                                f - ring of loudness (curse)

@: short of breath, very slow, not resistant to hostile enchantments, extremely
unstealthy
A: see invisible, deformed body, poison resistance, slowness 2, slow metabolism
1, spit poison 2, AC +1
a: Spit Poison


You were on level 1 of the Dungeon.
You were not hungry.

You visited 1 branch of the dungeon, and saw 2 of its levels.

You collected 71 gold pieces.


Innate Abilities, Weirdness & Mutations

You cannot wear boots.
Your serpentine skin is tough (AC +1).
You have supernaturally acute eyesight.
Armour fits poorly on your strangely shaped body.
Your system is resistant to poisons.
You cover ground very slowly.
You have a slow metabolism.
You can spit poison.


   Skills:
 - Level 1.0 Fighting
 - Level 1.5 Dodging
 * Level 3.8 Unarmed Combat
 - Level 2.0 Spellcasting
 + Level 2.6 Transmutations
 + Level 0.3 Poison Magic


You couldn't memorise any spells.
You knew the following spells:

 Your Spells              Type           Power        Failure   Level  Hunger
a - Beastly Appendage     Trmt           #.....       10%         1    ##.....
b - Sticks to Snakes      Trmt           #.......     14%         2    ###....
l - Spider Form           Trmt/Pois      #.........   52%         3    ####...

Inventory:

Missiles
 a - 30 arrows
Armour
 b - a +0 robe (worn)
Jewellery
 f - a cursed ring of loudness (left hand)
Scrolls
 e - a scroll of remove curse {unknown}
 g - a scroll of enchant weapon {unknown}
 i - 3 scrolls of fog {unknown}
 j - a scroll of identify {unknown}
Potions
 h - a potion of ambrosia {unknown}
Books
 c - a book of Changes
Comestibles
 d - 2 bread rations

Dungeon Overview and Level Annotations

Branches:
Dungeon (2/15)

Altars:


Message History

There is a stone staircase leading up here.
The kobold misses you.
A kobold comes into view.
The kobold shouts!
You hit the kobold but do no damage. The kobold closely misses you.
There is a stone staircase leading up here.
You hit the kobold.
The kobold is severely wounded.
The kobold hits you.
You closely miss the kobold.
The kobold is severely wounded.
The kobold barely misses you.
An adder comes into view.
You hit the kobold.
You kill the kobold!
The kobold barely misses you.
You completely miss the adder. Your punch misses the adder.
The kobold hits you. The kobold barely misses you.
The adder bites you but does no damage. The adder bites you.
The kobold hits you. The kobold hits you but does no damage.
You climb upwards.
There is a stone staircase leading down here.
Press: ? - help, Shift-Dir - straight line, f - adder
Aim: an adder The splash of poison misses the adder.
You feel slightly more hungry. The adder barely misses you.
The kobold hits you. x2; The adder bites you.
You closely miss the adder. The kobold hits you. x2
The adder barely misses you.
You barely miss the adder. The kobold closely misses you. The adder bites you.
The kobold hits you.
You closely miss the adder. The adder bites you. The kobold closely misses you.
The kobold hits you but does no damage.
You closely miss the adder. The adder bites you.
You die...

#####.###..##
#...........#
#...........##
#........#...#
#...#######..##
## #...#
#.....#
.###...#
###.#...#
.......#
#...##KK#
.##....#
#.####S@#
.##..#.# #.#
#### .##..#.#
#.# .....#.#
#.# .....#.#
#.# ######.#
#.#
##..[#.###.#
##...#.....#
##.#.#######


You could see an adder and 2 kobolds.

Action                   || total
-------------------------++-------
Melee: Unarmed           ||    80
 Abil: Spit Poison       ||    12
  Eat: Chunk             ||     1

Notes
Turn   | Place    | Note
--------------------------------------------------------------
     0 | D:1      | Duffy the Naga Transmuter began the quest for the Orb.
     0 | D:1      | Reached XP level 1. HP: 18/18 MP: 3/3
   328 | D:1      | Reached XP level 2. HP: 19/25 MP: 5/5
   344 | D:1      | Learned a level 2 spell: Sticks to Snakes
   755 | D:1      | Reached XP level 3. HP: 31/31 MP: 6/6
   760 | D:1      | Learned a level 3 spell: Spider Form
  1360 | D:1      | Slain by an adder

Vault maps used:
D:1:      dpeg_arrival_subterranean_lakeside_camping, lemuel_old_faithful
D:2:      nicolae_overflow_hidden_temple, nicolae_overflow_crystal_walls,
          uniq_terence

Vanquished Creatures
  An adder
  3 giant geckos
  5 goblins
  2 hobgoblins
  A ball python
  4 bats
  2 giant newts
  3 kobolds
  3 rats
24 creatures vanquished.
